 Dungeon Crawl Stone Soup version 0.29.0-4-gdea44cf6ec (webtiles) character file.

Game seed: 2229051250798028958

10754 qw the Cleaver (level 11, -3/86 HPs)
             Began as a Demonspawn Cinder Acolyte on Sept 9, 2022.
             Was an Initiate of Ignis.
             Slain by a yak (12 damage)
             ... on level 1 of the Lair of Beasts.
             The game lasted 00:04:33 (14209 turns).

qw the Cleaver (Demonspawn Cinder Acolyte)         Turns: 14209, Time: 00:04:34

Health: -3/86      AC: 18    Str: 18    XL:     11   Next: 40%
Magic:  12/12      EV:  5    Int: 16    God:    Ignis [......]
Gold:   4          SH:  8    Dex:  9    Spells: 12/12 levels left

rFire   + + .      SeeInvis +   Y - +5 war axe (flame)
rCold   . . .      Faith    .   l - +0 buckler
rNeg    . . .      Spirit   .   f - +3 plate armour
rPois   .          Reflect  .   (helmet unavailable)
rElec   .          Harm     .   (no cloak)
rCorr   .          Rampage  .   (no gloves)
Will    +....                   a - +1 pair of boots
Stlth   ..........              (no amulet)
HPRegen 0.24/turn               g - ring of protection from fire
MPRegen 0.26/turn               o - ring of willpower

@: no status effects
A: antennae 3, large bone plates 1, spiny 1, magic regeneration
a: Renounce Religion, Rising Flame


You were on level 1 of the Lair of Beasts.
You worshipped Ignis.
Ignis was noncommittal.
You visited 2 branches of the dungeon, and saw 11 of its levels.

You collected 674 gold pieces.
You spent 670 gold pieces at shops.


Innate Abilities, Weirdness & Mutations

You have a pair of large antennae on your head. (SInv)
You are partially covered in large bone plates. (SH +4)
You are partially covered in sharp spines.
You regenerate magic rapidly.


   Skills:
 - Level 8.1 Fighting
 - Level 13.0 Axes
 - Level 1.7 Throwing
 - Level 6.2 Armour
 - Level 2.1 Dodging
 + Level 3.8 Shields
 - Level 1.0 Spellcasting
 - Level 2.6 Fire Magic


You had 12 spell levels left.
You didn't know any spells.
Your spell library contained the following spells:

 Spells                   Type           Power      Damage    Failure   Level
 Scorch                   Fire           18%        2d6       99%         2

Inventory:

Hand Weapons
 Y - a +5 war axe of flaming (weapon)
Missiles
 i - 7 boomerangs (quivered)
Armour
 a - a +1 pair of boots (worn)
 f - a +3 plate armour (worn)
 l - a +0 buckler (worn)
Jewellery
 c - a ring of resist corrosion
 g - a ring of protection from fire (left hand)
 j - a ring of positive energy
 o - a ring of willpower (right hand)
Scrolls
 k - 2 scrolls of identify
Potions
 b - 3 potions of curing
 d - 3 potions of haste
 e - a potion of cancellation
 p - a potion of resistance

Dungeon Overview and Level Annotations

Branches:
Dungeon (10/15)            Temple (0/1) D:5            Lair (1/5) D:10
    Orc (0/2) D:10

Altars:
Ashenzari
Kikubaaqudgha
Okawaru
Qazlal
Ru
Uskayaw
Vehumet
Xom

Shops:
D:4 **   D:5 ?   D:10 ??(


Message History

You block the yak's attack.
You slice the yak!! You burn the yak.
The yak is almost dead.
You slash the plant! You burn the plant. You slash the yak! You burn the yak.
The yak gores you but does no damage.
The yak gores the plant!
The plant begins to die.
You block the yak's attack.
The yak gores the plant! x2
You slash the yak! You burn the yak.
You kill the yak!
You slash the yak! You burn the yak. You hit the plant but do no damage.
A nearby plant withers and dies.
The yak gores the plant!
A polar bear comes into view.
The yak gores the plant!
The yak gores you but does no damage.
The polar bear growls angrily.
You hit the yak. You burn the yak.
The yak is severely wounded.
You hit the yak. You burn the yak. You closely miss the yak.
The yak is severely wounded.
You hit the yak. You burn the yak.
A nearby plant withers and dies.
The yak is struck by your spines. The yak gores you but does no damage.
The yak gores the plant!
A komodo dragon comes into view.
You slash the yak! You burn the yak.
You kill the yak!
You closely miss the yak. You hit the yak. You burn the yak.
The yak is struck by your spines. The yak barely misses you. The yak gores you.
You barely miss the yak.
The yak is heavily wounded.
You closely miss the yak. You barely miss the yak.
A nearby plant withers and dies.
You block the yak's attack. The yak is struck by your spines.
The yak gores you but does no damage. The yak is struck by your spines.
The yak gores you.
You slash the yak! You burn the yak.
The yak is severely wounded.
You slash the yak! You burn the yak. You slash the yak! You burn the yak.
The yak is struck by your spines.
You kill the yak!
The yak gores you but does no damage. The yak is struck by your spines.
The yak gores you!
You die...

... ...###.##
... P.#.....#
.. ........#
... #.......##
... #........#
... #.#.#~.Y.
...
#...#~YY### #.
/.^.~~~@%.#
..#..........#
###..#..#...#
P..h .#~#.##
..... .#~#..#
......l
.#~#.##
#.##..#
.#ยค#..# #.
... .~~#...


You could see a polar bear, a komodo dragon and 3 yaks.

Vanquished Creatures
  Amaemon (D:8)
  Pikel (D:7)
  Joseph (D:7)
  2 black mambas (Lair:1)
  An orange demon (D:8)
  A komodo dragon (D:10)
  A kobold demonologist (D:9)
  2 trolls
  3 shadows
  Eustachio (D:6)
  A basilisk (Lair:1)
  11 yaks
  3 steam dragons
  A two-headed ogre zombie (D:10)
  Menkaure (D:7)
  4 water moccasins
  2 orc warriors
  3 ice beasts
  2 black bears (D:10)
  2 ogres (D:5)
  A centaur (D:10)
  A lemure (D:7)
  2 kobold brigands
  A phantom (D:10)
  5 bullfrogs
  4 necrophages
  A scorpion (D:4)
  9 wights
  21 killer bees
  2 troll zombies (D:10)
  10 howler monkeys
  An electric eel (Lair:1)
  A lava snake (Lair:1)
  A hound (D:5)
  A jelly (D:6)
  3 orc priests
  A gnoll bouda (D:8)
  Jessica (D:3)
  6 iguanas
  4 orc wizards
  Natasha (thrice) (D:2)
  4 ogre zombies (D:10)
  Robin (D:3)
  5 adders
  8 gnolls
  A shadow imp (D:7)
  3 white imps
  An ufetubus (D:5)
  A dart slug (D:1)
  15 orcs
  5 ball pythons
  5 endoplasms (D:1)
  7 giant cockroaches
  18 goblins
  6 hobgoblins
  9 kobolds
  6 quokkas
  5 bats
  4 frilled lizards
  2 goblin skeletons (D:10)
  2 goblin zombies (D:10)
  2 hobgoblin zombies (D:10)
  2 orc skeletons (D:10)
  13 orc zombies (D:10)
  6 rats
254 creatures vanquished.

Vanquished Creatures (others)
  17 plants
17 creatures vanquished.

Grand Total: 271 creatures vanquished

Notes
Turn   | Place    | Note
-------+----------+-------------------------------------------
     0 | D:1      | qw the Demonspawn Cinder Acolyte began the quest for the
                  | Orb.
     0 | D:1      | Reached XP level 1. HP: 18/18 MP: 2/2
     0 | D:1      | 0 ||| qw: Version: 0.1-a-113-g051387a
     0 | D:1      | 0 ||| qw: Game counter: 7109
     0 | D:1      | 0 ||| qw: Always use a shield: true
     0 | D:1      | 0 ||| qw: God list: Okawaru
     0 | D:1      | 0 ||| qw: Allow faded altars: false
     0 | D:1      | 0 ||| qw: Do Orc after D:15 true
     0 | D:1      | 0 ||| qw: Do second Lair branch before Depths: true
     0 | D:1      | 0 ||| qw: Lair rune preference: random
     0 | D:1      | 0 ||| qw: Plans: Normal
     0 | D:1      | 0 ||| PLANNING D:1-11
    22 | D:1      | 22 ||| INVOKING Fiery Armour.
   242 | D:1      | Reached skill level 3 in Axes
   349 | D:1      | 349 ||| Stepping ~*~*~tactically~*~*~ (hiding).
   358 | D:1      | Gained mutation: You have a pair of small antennae on your
                  | head. [demonic ancestry]
   358 | D:1      | Reached XP level 2. HP: 23/24 MP: 3/3
  1126 | D:1      | Gained mutation: You are partially covered in large bone
                  | plates. (SH +4) [demonic ancestry]
  1126 | D:1      | Reached XP level 3. HP: 29/29 MP: 4/4
  1344 | D:1      | Reached skill level 4 in Axes
  1710 | D:1      | 1710 ||| UPGRADING to +0 leather armour.
  1720 | D:1      | 1720 ||| DROPPING +0 robe.
  1721 | D:1      | 1721 ||| UPGRADING to +0 plate armour.
  1731 | D:1      | 1731 ||| DROPPING +0 leather armour.
  1732 | D:1      | 1732 ||| UPGRADING to ring of protection from fire.
  1733 | D:1      | 1733 ||| READING 2 scrolls labelled MOGRAU TUYNU.
  1734 | D:1      | 1734 ||| READING scroll of enchant armour.
  1734 | D:1      | 1734 ||| ENCHANTING +0 plate armour.
  1774 | D:2      | 1774 ||| STAIRDANCE
  1788 | D:2      | 1788 ||| STAIRDANCE
  1916 | D:2      | 1916 ||| Stepping ~*~*~tactically~*~*~ (stealth).
  1992 | D:2      | Noticed Natasha
  2002 | D:2      | Killed Natasha
  2003 | D:2      | Reached skill level 1 in Armour
  2003 | D:2      | Reached XP level 4. HP: 24/35 MP: 5/5
  2123 | D:2      | Noticed Natasha
  2141 | D:2      | 2141 ||| INVOKING Fiery Armour.
  2144 | D:2      | Killed Natasha
  2155 | D:2      | 2155 ||| Stepping ~*~*~tactically~*~*~ (stealth).
  2281 | D:2      | 2281 ||| Stepping ~*~*~tactically~*~*~ (stealth).
  2283 | D:2      | 2283 ||| Stepping ~*~*~tactically~*~*~ (stealth).
  2286 | D:2      | 2286 ||| Stepping ~*~*~tactically~*~*~ (hiding).
  2289 | D:2      | Noticed Natasha
  2290 | D:2      | 2290 ||| Stepping ~*~*~tactically~*~*~ (stealth).
  2300 | D:2      | 2300 ||| Stepping ~*~*~tactically~*~*~ (stealth).
  2305 | D:2      | 2305 ||| Stepping ~*~*~tactically~*~*~ (stealth).
  2329 | D:2      | Killed Natasha
  2426 | D:2      | You fall into a shaft and drop 2 floors!
  2453 | D:4      | Reached XP level 5. HP: 25/41 MP: 6/6
  2582 | D:4      | 2582 ||| Stepping randomly (stuck).
  2583 | D:4      | 2583 ||| Stepping randomly (stuck).
  2584 | D:4      | 2584 ||| Stepping randomly (stuck).
  2618 | D:4      | 2618 ||| READING scroll labelled MEINEWUMPOIMU.
  2642 | D:3      | Found a faded altar of an unknown god.
  2642 | D:3      | Noticed Jessica
  2739 | D:2      | 2739 ||| READING scroll of enchant armour.
  2739 | D:2      | 2739 ||| ENCHANTING +1 plate armour.
  2914 | D:2      | 2914 ||| READING scroll labelled TICUL TYESTRYA.
  3016 | D:3      | Found a hide-covered altar of Uskayaw.
  3017 | D:3      | 3017 ||| SWAPPING to +0 war axe.
  3123 | D:3      | 3123 ||| Stepping ~*~*~tactically~*~*~ (stealth).
  3126 | D:3      | Noticed Robin
  3132 | D:3      | 3132 ||| Stepping ~*~*~tactically~*~*~ (hiding).
  3135 | D:3      | Reached skill level 5 in Axes
  3145 | D:3      | Killed Robin
  3720 | D:3      | 3720 ||| READING scroll labelled NUNEMM EWKINI.
  3721 | D:3      | 3721 ||| DRINKING 2 puce potions.
  3730 | D:3      | 3730 ||| Stepping ~*~*~tactically~*~*~ (hiding).
  3738 | D:3      | Killed Jessica
  3841 | D:3      | 3841 ||| READING scroll labelled JEUTUE PABICH.
  3897 | D:4      | 3897 ||| Stepping ~*~*~tactically~*~*~ (stealth).
  4039 | D:4      | 4039 ||| Stepping ~*~*~tactically~*~*~ (stealth).
  4055 | D:4      | Gained mutation: You have a pair of antennae on your head.
                  | [demonic ancestry]
  4055 | D:4      | Reached XP level 6. HP: 35/47 MP: 7/7
  4140 | D:4      | Found Omeodghoq's Elemental Accessories.
  4160 | D:4      | 4160 ||| INVOKING Fiery Armour.
  4161 | D:4      | HP: 8/47 [poisoned by an orc]
  4162 | D:4      | 4162 ||| DRINKING 2 potions of heal wounds.
  4169 | D:4      | HP: 11/47 [poisoned by an orc]
  4614 | D:4      | Found Nos Boom's General Store.
  4626 | D:4      | 4626 ||| BUYING ring of resist corrosion (200 gold).
  4626 | D:4      | Bought a ring of resist corrosion for 200 gold pieces
  4626 | D:4      | 4626 ||| SHOPLISTING scroll of enchant armour (75 gold,
                  | have 19).
  4626 | D:4      | 4626 ||| SHOPLISTING scroll of identify (20 gold, have 19).
  4963 | D:4      | 4963 ||| UPGRADING to ring of positive energy.
  4964 | D:4      | 4964 ||| UPGRADING to ring of resist corrosion.
  4966 | D:4      | 4966 ||| READING 3 scrolls of identify.
  4966 | D:4      | 4966 ||| IDENTIFYING ruby potion
  4967 | D:4      | 4967 ||| READING 2 scrolls of identify.
  4967 | D:4      | 4967 ||| IDENTIFYING murky cyan potion
  4968 | D:4      | 4968 ||| DROPPING potion of lignification.
  5001 | D:5      | Entered Level 5 of the Dungeon
  5005 | D:5      | 5005 ||| READING scroll of enchant armour.
  5005 | D:5      | 5005 ||| ENCHANTING +2 plate armour.
  5078 | D:5      | Reached skill level 6 in Axes
  5340 | D:5      | Gained mutation: You regenerate magic rapidly. [demonic
                  | ancestry]
  5340 | D:5      | Reached XP level 7. HP: 47/54 MP: 8/8
  5412 | D:5      | HP: 13/54 [ufetubus (1)]
  5413 | D:5      | 5413 ||| DRINKING potion of heal wounds.
  5417 | D:5      | 5417 ||| INVOKING Fiery Armour.
  5623 | D:5      | Found the +3 salamander hide armour {Flames rF++ rC--}
  5679 | D:5      | Found a staircase to the Ecumenical Temple.
  6132 | D:5      | 6132 ||| INVOKING Fiery Armour.
  6133 | D:5      | Reached skill level 7 in Axes
  6342 | D:5      | Found Cuupus Fesi's Magic Scroll Emporium.
  6351 | D:5      | 6351 ||| BUYING 2 scrolls of identify (48 gold).
  6351 | D:5      | Bought 2 scrolls of identify for 48 gold pieces
  6351 | D:5      | 6351 ||| BUYING scroll of enchant weapon (90 gold).
  6351 | D:5      | Bought a scroll of enchant weapon for 90 gold pieces
  6351 | D:5      | 6351 ||| SHOPLISTING scroll of identify (24 gold, have 4).
  6351 | D:5      | 6351 ||| SHOPLISTING scroll of teleportation (36 gold, have
                  | 4).
  6351 | D:5      | 6351 ||| READING 2 scrolls of enchant weapon.
  6351 | D:5      | 6351 ||| ENCHANTING +0 war axe.
  6352 | D:5      | 6352 ||| READING scroll of enchant weapon.
  6352 | D:5      | 6352 ||| ENCHANTING +1 war axe.
  6360 | D:5      | 6360 ||| UPGRADING to +0 pair of boots.
  6365 | D:5      | 6365 ||| READING scroll labelled OZEPLIWOAB.
  6366 | D:5      | 6366 ||| READING 4 scrolls of identify.
  6366 | D:5      | 6366 ||| IDENTIFYING bubbling purple potion
  6367 | D:5      | 6367 ||| READING 3 scrolls of identify.
  6367 | D:5      | 6367 ||| IDENTIFYING glowing amethyst potion
  6368 | D:5      | 6368 ||| READING 2 scrolls of identify.
  6368 | D:5      | 6368 ||| IDENTIFYING metallic yellow potion
  6369 | D:5      | 6369 ||| DROPPING potion of degeneration.
  6370 | D:5      | 6370 ||| DROPPING potion of flight.
  6401 | D:6      | 6401 ||| STAIRDANCE
  6525 | D:6      | Noticed a steam dragon
  6526 | D:6      | 6526 ||| Stepping ~*~*~tactically~*~*~ (stealth).
  6528 | D:6      | 6528 ||| Stepping ~*~*~tactically~*~*~ (hiding).
  6531 | D:6      | 6531 ||| INVOKING Fiery Armour.
  6534 | D:6      | Killed a steam dragon
  6535 | D:6      | Reached skill level 3 in Armour
  6572 | D:6      | Reached skill level 1 in Dodging
  6652 | D:6      | Reached skill level 1 in Throwing
  6685 | D:6      | Noticed Eustachio
  6700 | D:6      | Killed Eustachio
  6701 | D:6      | Gained mutation: You are partially covered in sharp spines.
                  | [demonic ancestry]
  6701 | D:6      | Reached XP level 8. HP: 39/60 MP: 9/9
  6839 | D:6      | Reached skill level 8 in Axes
  7006 | D:6      | 7006 ||| SWAPPING to +4 war axe of freezing.
  7007 | D:6      | 7007 ||| DROPPING +2 war axe.
  7082 | D:6      | 7082 ||| Stepping ~*~*~tactically~*~*~ (stealth).
  7384 | D:6      | Reached skill level 9 in Axes
  7530 | D:6      | Reached XP level 9. HP: 57/68 MP: 10/10
  7815 | D:6      | 7815 ||| READING scroll labelled URPHUT JITS.
  7816 | D:6      | 7816 ||| READING scroll labelled GIRUPI LAPUU.
  7817 | D:6      | 7817 ||| READING scroll labelled QIJINA LYAG.
  7818 | D:6      | 7818 ||| READING scroll labelled RULACOSTRA SELI.
  7819 | D:6      | 7819 ||| READING scroll labelled FAEJEE NADISM.
  7820 | D:6      | 7820 ||| READING scroll of teleportation.
  7852 | D:7      | Found a radiant altar of Vehumet.
  7854 | D:7      | 7854 ||| STAIRDANCE
  7868 | D:7      | 7868 ||| STAIRDANCE
  7969 | D:7      | 7969 ||| Stepping ~*~*~tactically~*~*~ (hiding).
  7980 | D:7      | Reached skill level 6 in Fighting
  8037 | D:7      | Noticed Menkaure
  8043 | D:7      | 8043 ||| FLEEEEING.
  8044 | D:7      | 8044 ||| FLEEEEING.
  8050 | D:7      | 8050 ||| FLEEEEING.
  8051 | D:7      | 8051 ||| FLEEEEING.
  8052 | D:7      | 8052 ||| FLEEEEING.
  8212 | D:7      | Noticed Joseph
  8213 | D:7      | 8213 ||| FLEEEEING.
  8215 | D:7      | 8215 ||| STAIRDANCE
  8264 | D:7      | Killed Joseph
  8384 | D:7      | 8384 ||| Stepping ~*~*~tactically~*~*~ (stealth).
  8392 | D:7      | 8392 ||| Stepping ~*~*~tactically~*~*~ (stealth).
  8398 | D:7      | Killed Menkaure
  8486 | D:7      | Found a stormy altar of Qazlal.
  8487 | D:7      | Found an iron altar of Okawaru.
  8487 | D:7      | Found an ancient bone altar of Kikubaaqudgha.
  8569 | D:7      | Reached skill level 10 in Axes
  8673 | D:7      | 8673 ||| Stepping ~*~*~tactically~*~*~ (stealth).
  8674 | D:7      | Found a broken altar of Ashenzari.
  8680 | D:7      | 8680 ||| Stepping ~*~*~tactically~*~*~ (stealth).
  8684 | D:7      | 8684 ||| INVOKING Fiery Armour.
  8690 | D:7      | 8690 ||| FLEEEEING.
  8692 | D:7      | 8692 ||| FLEEEEING.
  8693 | D:7      | 8693 ||| FLEEEEING.
  8694 | D:7      | 8694 ||| FLEEEEING.
  8695 | D:7      | 8695 ||| FLEEEEING.
  8696 | D:7      | 8696 ||| FLEEEEING.
  8697 | D:7      | 8697 ||| FLEEEEING.
  8698 | D:7      | 8698 ||| FLEEEEING.
  8699 | D:7      | 8699 ||| FLEEEEING.
  8700 | D:7      | 8700 ||| FLEEEEING.
  8701 | D:7      | 8701 ||| FLEEEEING.
  8702 | D:7      | 8702 ||| FLEEEEING.
  8703 | D:7      | 8703 ||| FLEEEEING.
  8704 | D:7      | 8704 ||| STAIRDANCE
  8901 | D:7      | Noticed Pikel
  8902 | D:7      | 8902 ||| DRINKING 5 potions of curing.
  8902 | D:7      | 8902 ||| (to cure confusion)
  8903 | D:7      | 8903 ||| Stepping ~*~*~tactically~*~*~ (hiding).
  8908 | D:7      | 8908 ||| DRINKING 4 potions of curing.
  8908 | D:7      | 8908 ||| (to cure confusion)
  8917 | D:7      | 8917 ||| DRINKING 3 potions of curing.
  8917 | D:7      | 8917 ||| (to cure confusion)
  8918 | D:7      | Killed Pikel
  8919 | D:7      | Reached skill level 6 in Armour
  8935 | D:7      | 8935 ||| Stepping ~*~*~tactically~*~*~ (stealth).
  8938 | D:7      | 8938 ||| Stepping ~*~*~tactically~*~*~ (hiding).
  9516 | D:7      | 9516 ||| READING scroll labelled JIGOGI CUOSO.
  9517 | D:7      | 9517 ||| READING 2 scrolls of identify.
  9517 | D:7      | 9517 ||| IDENTIFYING brown potion
  9518 | D:7      | 9518 ||| DROPPING potion of attraction.
  9543 | D:8      | Noticed Amaemon
  9543 | D:8      | Noticed an orange demon
  9553 | D:8      | Killed an orange demon
  9556 | D:8      | 9556 ||| INVOKING Fiery Armour.
  9558 | D:8      | HP: 17/71 [poisoned by Amaemon]
  9558 | D:8      | Killed Amaemon
  9559 | D:8      | Reached XP level 10. HP: 18/80 MP: 11/11
  9563 | D:8      | HP: 12/80 [poisoned by Amaemon]
 10068 | D:8      | 10068 ||| INVOKING Fiery Armour.
 10182 | D:8      | 10182 ||| Stepping ~*~*~tactically~*~*~ (hiding).
 10308 | D:8      | 10308 ||| FLEEEEING.
 10363 | D:8      | 10363 ||| Stepping ~*~*~tactically~*~*~ (stealth).
 10451 | D:8      | Found a shimmering altar of Xom.
 10756 | D:8      | 10756 ||| Stepping ~*~*~tactically~*~*~ (hiding).
 10765 | D:8      | 10765 ||| Stepping ~*~*~tactically~*~*~ (hiding).
 10769 | D:8      | 10769 ||| FLEEEEING.
 10770 | D:8      | 10770 ||| FLEEEEING.
 11164 | D:9      | Reached skill level 11 in Axes
 11337 | D:9      | Found a sacrificial altar of Ru.
 11359 | D:9      | 11359 ||| INVOKING Fiery Armour.
 11362 | D:9      | Noticed a soul eater
 11455 | D:9      | 11455 ||| READING scroll of enchant weapon.
 11455 | D:9      | 11455 ||| ENCHANTING +4 war axe of protection.
 11461 | D:9      | 11461 ||| Stepping ~*~*~tactically~*~*~ (stealth).
 11542 | D:9      | 11542 ||| Stepping ~*~*~tactically~*~*~ (stealth).
 11550 | D:9      | 11550 ||| Stepping ~*~*~tactically~*~*~ (stealth).
 11561 | D:9      | 11561 ||| Stepping ~*~*~tactically~*~*~ (hiding).
 11562 | D:9      | 11562 ||| Stepping ~*~*~tactically~*~*~ (hiding).
 11571 | D:9      | 11571 ||| DRINKING 2 potions of curing.
 11571 | D:9      | 11571 ||| (to cure confusion)
 11575 | D:9      | Reached skill level 12 in Axes
 11666 | D:9      | 11666 ||| Stepping ~*~*~tactically~*~*~ (stealth).
 12124 | D:9      | 12124 ||| Stepping ~*~*~tactically~*~*~ (stealth).
 12126 | D:9      | 12126 ||| Stepping ~*~*~tactically~*~*~ (stealth).
 12136 | D:9      | 12136 ||| INVOKING Fiery Armour.
 12170 | D:9      | 12170 ||| FLEEEEING.
 12176 | D:9      | 12176 ||| STAIRDANCE
 12332 | D:8      | 12332 ||| UPGRADING to ring of willpower.
 12334 | D:8      | 12334 ||| DRINKING 2 viscous golden potions.
 12335 | D:8      | 12335 ||| DROPPING potion of brilliance.
 12353 | D:9      | 12353 ||| Stepping ~*~*~tactically~*~*~ (stealth).
 12434 | D:10     | Entered Level 10 of the Dungeon
 12437 | D:10     | 12437 ||| STAIRDANCE
 12462 | D:10     | 12462 ||| STAIRDANCE
 12467 | D:10     | 12467 ||| STAIRDANCE
 12479 | D:10     | 12479 ||| INVOKING Fiery Armour.
 12485 | D:10     | Gained mutation: You have a pair of large antennae on your
                  | head. (SInv) [demonic ancestry]
 12485 | D:10     | Reached XP level 11. HP: 36/86 MP: 12/12
 12485 | D:10     | 12485 ||| STAIRDANCE
 12786 | D:10     | 12786 ||| Stepping ~*~*~tactically~*~*~ (stealth).
 13003 | D:10     | Found Cisim's Weapon Emporium.
 13058 | D:10     | 13058 ||| Stepping ~*~*~tactically~*~*~ (stealth).
 13074 | D:10     | 13074 ||| Stepping ~*~*~tactically~*~*~ (stealth).
 13077 | D:10     | 13077 ||| Stepping ~*~*~tactically~*~*~ (stealth).
 13096 | D:10     | 13096 ||| Stepping ~*~*~tactically~*~*~ (stealth).
 13102 | D:10     | 13102 ||| Stepping ~*~*~tactically~*~*~ (stealth).
 13108 | D:10     | 13108 ||| Stepping ~*~*~tactically~*~*~ (stealth).
 13114 | D:10     | Found a staircase to the Orcish Mines.
 13197 | D:10     | 13197 ||| FLEEEEING.
 13202 | D:10     | 13202 ||| Stepping ~*~*~tactically~*~*~ (stealth).
 13203 | D:10     | 13203 ||| FLEEEEING.
 13204 | D:10     | 13204 ||| Stepping ~*~*~tactically~*~*~ (hiding).
 13205 | D:10     | 13205 ||| FLEEEEING.
 13206 | D:10     | 13206 ||| Stepping ~*~*~tactically~*~*~ (hiding).
 13209 | D:10     | 13209 ||| FLEEEEING.
 13210 | D:10     | 13210 ||| FLEEEEING.
 13213 | D:10     | 13213 ||| FLEEEEING.
 13214 | D:10     | 13214 ||| FLEEEEING.
 13215 | D:10     | 13215 ||| FLEEEEING.
 13216 | D:10     | 13216 ||| FLEEEEING.
 13217 | D:10     | 13217 ||| FLEEEEING.
 13218 | D:10     | 13218 ||| STAIRDANCE
 13293 | D:10     | 13293 ||| STAIRDANCE
 13359 | D:10     | Found a staircase to the Lair.
 13389 | D:10     | Found Nenups's Magic Scroll Emporium.
 13397 | D:10     | 13397 ||| BUYING scroll of brand weapon (152 gold).
 13397 | D:10     | Bought a scroll of brand weapon for 152 gold pieces
 13397 | D:10     | 13397 ||| BUYING scroll of identify (32 gold).
 13397 | D:10     | Bought a scroll of identify for 32 gold pieces
 13397 | D:10     | 13397 ||| BUYING scroll of teleportation (48 gold).
 13397 | D:10     | Bought a scroll of teleportation for 48 gold pieces
 13397 | D:10     | 13397 ||| BUYING scroll of teleportation (48 gold).
 13397 | D:10     | Bought a scroll of teleportation for 48 gold pieces
 13397 | D:10     | 13397 ||| READING scroll of brand weapon.
 13397 | D:10     | 13397 ||| BRANDING +5 war axe of protection.
 13398 | D:10     | 13398 ||| DROPPING -1 hand axe of flaming.
 13418 | D:10     | Found Benan Urion's Magic Scroll Boutique.
 13433 | D:10     | 13433 ||| SHOPLISTING scroll of brand weapon (123 gold,
                  | have 56).
 13433 | D:10     | 13433 ||| BUYING scroll of identify (26 gold).
 13433 | D:10     | Bought a scroll of identify for 26 gold pieces
 13433 | D:10     | 13433 ||| BUYING scroll of identify (26 gold).
 13433 | D:10     | Bought a scroll of identify for 26 gold pieces
 13433 | D:10     | 13433 ||| SHOPLISTING scroll of identify (26 gold, have 4).
 13433 | D:10     | 13433 ||| SHOPLISTING scroll of teleportation (39 gold,
                  | have 4).
 13487 | D:10     | 13487 ||| INVOKING Fiery Armour.
 13586 | D:10     | Reached skill level 13 in Axes
 13638 | D:10     | 13638 ||| Stepping ~*~*~tactically~*~*~ (stealth).
 13671 | D:10     | 13671 ||| PLANNING CONVERSION TO OKAWARU
 13801 | D:7      | 13801 ||| PLANNING D:1-11
 13801 | D:7      | 13801 ||| UPGRADING to +0 buckler.
 13806 | D:7      | 13806 ||| READING scroll labelled ZEDUCS IPIXTI.
 13807 | D:7      | 13807 ||| READING 4 scrolls of identify.
 13807 | D:7      | 13807 ||| IDENTIFYING bubbling emerald potion
 13808 | D:7      | 13808 ||| READING 3 scrolls of identify.
 13808 | D:7      | 13808 ||| IDENTIFYING bubbling amethyst potion
 13809 | D:7      | 13809 ||| DROPPING potion of ambrosia.
 13844 | D:6      | 13844 ||| PLANNING LAIR
 13958 | D:10     | 13958 ||| Stepping ~*~*~tactically~*~*~ (stealth).
 13981 | Lair:1   | Entered Level 1 of the Lair of Beasts
 13990 | Lair:1   | Reached skill level 1 in Shields
 14039 | Lair:1   | 14039 ||| READING scroll of enchant armour.
 14039 | Lair:1   | 14039 ||| ENCHANTING +0 pair of boots.
 14147 | Lair:1   | 14147 ||| DRINKING 2 potions of cancellation.
 14151 | Lair:1   | HP: 20/86 [poisoned by a black mamba]
 14152 | Lair:1   | 14152 ||| READING 2 scrolls of teleportation.
 14153 | Lair:1   | 14153 ||| DRINKING potion of heal wounds.
 14168 | Lair:1   | Reached skill level 3 in Shields
 14189 | Lair:1   | 14189 ||| Stepping ~*~*~tactically~*~*~ (stealth).
 14194 | Lair:1   | HP: 20/86 [electric eel/bolt of electricity (5)]
 14195 | Lair:1   | 14195 ||| READING scroll of teleportation.
 14201 | Lair:1   | HP: 16/86 [yak (3)]
 14207 | Lair:1   | HP: 13/86 [yak (4)]
 14209 | Lair:1   | Slain by a yak

Levels and vault maps discovered:
D:1:      scummos_arrival_checkerplants, layout_basic
D:2:      layout_basic, kennysheep_generic_room_3, uniq_natasha
D:3:      layout_loops_ring, lemuel_coloured_pillars_altar,
          ebering_ecumenical_altar_sacrificial, dk_noncrumbling_2, uniq_robin,
          uniq_jessica
D:4:      layout_basic, serial_shops, nicolae_lakefront_shop,
          reono_crystal_passage, chequers_avenue, nicolae_elemental_shop
D:5:      layout_gridville, minmay_temple_entry_arrows, serial_shops,
          nicolae_shop_crystal, kennysheep_cross_room, minmay_quadrilaterals
D:6:      layout_loops_corners, minmay_misc_feat_pillars, uniq_eustachio
D:7:      layout_loops_ring, lemuel_crystal_altar, mainiacjoe_overflow_chevrons,
          gammafunk_temple_overflow_forgotten, minmay_stone_trees_medium,
          kennysheep_small_spiral, grunt_decor_one_mirror, uniq_pikel,
          uniq_menkaure, uniq_joseph
D:8:      layout_basic, mainiacjoe_overflow_surrounded_room,
          nrook_loot_triangle, uniq_amaemon
D:9:      layout_roguey, marbit_many_paths, enter_bailey_5
D:10:     layout_gridville, david_lair_generic, zombieorc2_lemuel, serial_shops,
          shop, nicolae_shop_competitors_out_of_business, shop, shop, shop
Lair:1:   layout_gridlike, serial_bayou_pond_c, beast_lair_carwin_10

Skill      XL: |  1  2  3  4  5  6  7  8  9 10 11 |
---------------+----------------------------------+-----
Axes           | 3 4 5 6 7 9 10 12 13 | 13.0
Armour         | 1 2 3 4 6 |  6.2
Fighting       | 4 5 7 8 |  8.1
Dodging        | 1 2 |  2.1
Throwing       | 1 |  1.7
Shields        | 3 |  3.8
Spellcasting   | |  1.0
Fire Magic     | |  2.6

Action                   |  1- 3 |  4- 6 |  7- 9 | 10-12 || total
-------------------------+-------+-------+-------+-------++-------
Melee: Hand axe          |   143 |    45 |       |       ||   188
       Punch             |     1 |       |     1 |     1 ||     3
       War axe           |       |   112 |   212 |   279 ||   603
Throw: Boomerang         |       |       |    31 |    90 ||   121
Invok: Fiery Armour      |     1 |     2 |     5 |     5 ||    13
  Use: Scroll            |     2 |     8 |    14 |     8 ||    32
       Potion            |       |     2 |     4 |     4 ||    10
Armor: Robe              |    30 |       |       |       ||    30
       Plate armour      |    24 |   108 |   137 |   181 ||   450
Dodge: Dodged            |    78 |    31 |    49 |    69 ||   227
Block: Other             |     9 |    30 |    39 |    41 ||   119
       Buckler           |       |       |       |     9 ||     9

Table legend:
 A = Non-vault XP
 B = Vault XP
 C = Vault XP percentage of total XP
 D = Non-vault monster count
 E = Vault monster count
 F = Vault count percentage of total count
                 A         B        C        D         E       F
            +---------+---------+-------+---------+---------+-------
      Total |   11030 |    4524 |  29.1 |     192 |      61 |  24.1
            +---------+---------+-------+---------+---------+-------
        D:1 |      61 |       0 |   0.0 |      36 |       0 |   0.0
        D:2 |      86 |      33 |  27.7 |      11 |       1 |   8.3
        D:3 |       8 |      66 |  89.2 |       4 |       9 |  69.2
        D:4 |     181 |       0 |   0.0 |      17 |       0 |   0.0
        D:5 |     228 |     304 |  57.1 |       6 |       6 |  50.0
        D:6 |    1693 |     203 |  10.7 |      22 |       1 |   4.3
        D:7 |    1057 |    1113 |  51.3 |      20 |       3 |  13.0
        D:8 |    1246 |    1149 |  48.0 |      19 |       2 |   9.5
        D:9 |    3055 |     202 |   6.2 |      32 |       5 |  13.5
       D:10 |    1122 |    1454 |  56.4 |      12 |      34 |  73.9
     Lair:1 |    2293 |       0 |   0.0 |      13 |       0 |   0.0
            +---------+---------+-------+---------+---------+-------
